 Dungeon Crawl Stone Soup version 0.24-a0-181-gd121a6d4c0 (webtiles) character file.

Game seed: 6298658023475813367

10399 MrRokkomies the Slinger (level 11, 0/112 HPs)
             Began as a Halfling Hunter on Mar 14, 2019.
             Was a Priest of Dithmenos.
             Slain by a hell knight
             ... wielding a +0 halberd of flaming
              (5 damage)
             ... in a volcano.
             The game lasted 00:44:22 (10040 turns).

MrRokkomies the Slinger (Halfling Hunter)          Turns: 10040, Time: 00:44:22

Health: 0/112      AC: 12    Str: 23    XL:     11   Next: 92%
Magic:  15/15      EV: 20    Int:  9    God:    Dithmenos [***...]
Gold:   930        SH:  0    Dex: 17    Spells: 10/10 levels left

rFire    . . .     SeeInvis .   a - +1 whip (elec)
rCold    + . .     Gourm    .   (shield restricted)
rNeg     . . .     Faith    .   J - +2 troll leather armour of the King of Wands {Regen+ Str+3 Stlth+}
rPois    .         Spirit   .   m - +0 helmet
rElec    .         Reflect  .   p - +0 cloak
rCorr    .         Harm     .   C - +0 pair of gloves
MR       +....                  (no boots)
Stlth    ..........             F - amulet of regeneration
HPRegen  1.08/turn              s - ring of protection from cold
MPRegen  0.14/turn              L - ring of protection from magic

@: berserking (expiring), wreathed by umbra, very quick
A: small, mutation resistance 1
a: Shadow Step, Renounce Religion


You were in a volcano.
You worshipped Dithmenos.
Dithmenos was most pleased with you.
You were not hungry.

You visited 3 branches of the dungeon, and saw 11 of its levels.
You also visited: Bailey and Volcano.

You collected 930 gold pieces.

Inventory:

Hand Weapons
 a - a +1 whip of electrocution (weapon)
 b - a +2 hunting sling
 j - a +0 short sword
 D - a +1 mace of crushing
Missiles
 d - 31 sling bullets
 l - 179 stones (quivered)
 r - 10 throwing nets
Armour
 m - a +0 helmet (worn)
 p - a +0 cloak (worn)
 x - a +0 chain mail
 C - a +0 pair of gloves (worn)
 J - the +2 troll leather armour of the King of Wands (worn) {Regen+ Str+3 Stlth+}
   (You found it in a bailey)

   It affects your strength (+3).
   It increases your rate of regeneration.
   It makes you more stealthy.
 K - a +3 scale mail
Jewellery
 s - a ring of protection from cold (left hand)
 F - an amulet of regeneration (around neck)
 L - a ring of protection from magic (right hand)
Wands
 t - a wand of scattershot (2)
 y - a wand of iceblast (3)
 G - a wand of random effects (6)
 H - a wand of disintegration (11)
Scrolls
 g - a scroll of amnesia
 k - 5 scrolls of remove curse
 q - 3 scrolls of enchant armour
 w - 3 scrolls of enchant weapon
 B - a scroll of teleportation
 E - 3 scrolls of vulnerability
Potions
 c - a potion of magic
 e - 2 potions of flight
 h - 3 potions of might
 i - 4 potions of heal wounds
 n - 3 potions of brilliance
 o - 4 potions of ambrosia
 u - 2 potions of berserk rage
 v - a potion of degeneration {unknown}
 z - a potion of haste
 A - 2 potions of cancellation
 I - a potion of curing
 M - a potion of agility {unknown}
Comestibles
 f - 15 rations
 N - 4 chunks of flesh


   Skills:
 - Level 7.0 Fighting
 * Level 5.9 Maces & Flails
 - Level 12.0 Slings
 - Level 10.0 Armour
 * Level 8.0 Dodging
 - Level 1.1 Stealth
 - Level 6.0 Evocations


You had 10 spell levels left.
You didn't know any spells.
Your spell library contained the following spells:

 Spells                   Type           Power        Failure   Level  Hunger
 Confusing Touch          Hex            #.....       41%         1    ##.....
 Confuse                  Hex            #.......     80%         3    ####...
 Gell's Gravitas          Tloc           #.........   80%         3    ####...
 Petrify                  Tmut/Erth      #.......     99%         4    #####..
 Metabolic Englaciation   Hex/Ice        #.........   100%        5    ######.
 Yara's Violent Unravell  Hex/Tmut       #.........   100%        5    ######.


Dungeon Overview and Level Annotations

Branches:
Dungeon (9/15)             Temple (1/1) D:6            Lair (1/6) D:9
    Orc: D:9-12

Altars:
Ashenzari
Cheibriados
Dithmenos
Elyvilon
Fedhas
Gozag
Hepliaklqana
Kikubaaqudgha
Makhleb
Nemelex Xobeh
Okawaru
Qazlal
Ru
Sif Muna
Trog
Uskayaw
Vehumet
Wu Jian
Xom
Yredelemnul
Zin
The Shining One

Shops:
D:6 %   D:7 %:%:   D:8 ?


Innate Abilities, Weirdness & Mutations

You are small and have problems with some larger weapons.
You are somewhat resistant to further mutation.


Message History

The hell knight burns you.
* * * LOW HITPOINT WARNING * * *
You closely miss the hell knight.
The hell knight is moderately wounded.
You whack the hell knight!
The hell knight is heavily wounded.
The hell knight barely misses you.
You closely miss the hell knight.
The hell knight is heavily wounded.
You hit the hell knight.
The hell knight is heavily wounded.
The hell knight barely misses you.
You hit the hell knight.
Lightning courses through the hell knight!
The hell knight is severely wounded.
You whack the hell knight!
Lightning courses through the hell knight!
The hell knight is almost dead.
The hell knight hits you with a +0 halberd of flaming.
You die...

##≈≈ ##≈≈ ##≈§§ #☼≈≈
#≈≈§≈ #☼≈≈ ##§§§§
##≈≈! #..≈≈≈ #§≈..
##..≈≈ #≈≈§§ #..\§
#≈§p## ##..§ ##@#
#...§ ##.## ##)§§
#.####### #### ##.≈≈
#...##..###..###.##≈
#......§......#.## #
#...§§§§≈≈§....###
#..§§≈§§§§§§≈≈....##
#.§§§§≈§§§§§§≈§≈....#
#....≈≈≈§§§≈§≈§§....##


You could see a hell knight.

Vanquished Creatures
  A two-headed ogre (D:8)
  Pikel (D:7)
  A salamander (Volcano)
  A troll (D:9)
  Sigmund (D:2)
  17 yaks
  A basilisk (D:9)
  Grum (D:8)
  2 ice beasts
  2 porcupines (D:9)
  2 sky beasts
  5 orc warriors
  2 necrophages
  3 phantoms
  3 slaves (D:7)
  7 ogres
  3 wolves (D:8)
  2 centaurs
  3 crocodiles
  A big kobold (D:7)
  3 bullfrogs
  8 gnoll sergeants (Bailey)
  3 scorpions
  7 killer bees
  An electric eel (Lair:1)
  3 howler monkeys (D:7)
  3 crimson imps
  2 jellies (D:5)
  2 bullfrog skeletons
  A centaur skeleton (D:4)
  6 gnoll shamans (Bailey)
  8 hounds
  8 orc wizards
  6 orc priests
  4 iguanas
  8 worker ants
  A hound zombie (D:9)
  20 gnolls
  6 adders
  2 shadow imps
  An ooze (D:2)
  3 adder skeletons
  5 worms
  2 dart slugs (D:1)
  3 leopard geckos
  23 orcs
  9 giant cockroaches
  4 goblins
  9 hobgoblins
  13 jackals
  4 quokkas
  2 ball pythons
  4 bats (D:3)
  5 frilled lizards
  8 kobolds
  9 rats
265 creatures vanquished.

Vanquished Creatures (collateral kills)
  A yak (D:9)
  A porcupine (D:9)
2 creatures vanquished.

Vanquished Creatures (others)
  A wizard (D:3)
  A plant (D:9)
2 creatures vanquished.

Grand Total: 269 creatures vanquished

Notes
Turn   | Place    | Note
-------+----------+-------------------------------------------
     0 | D:1      | MrRokkomies the Halfling Hunter began the quest for the
                  | Orb.
     0 | D:1      | Reached XP level 1. HP: 14/14 MP: 1/1
     8 | D:1      | Noticed a bullfrog
   192 | D:1      | Reached XP level 2. HP: 13/19 MP: 2/2
   224 | D:1      | Reached skill level 6 in Slings
   610 | D:1      | Reached XP level 3. HP: 23/24 MP: 3/3
  1241 | D:2      | Reached XP level 4. HP: 17/30 MP: 4/4
  1381 | D:2      | Noticed Sigmund
  1419 | D:2      | Killed Sigmund
  1419 | D:2      | Reached XP level 5. HP: 22/36 MP: 5/5
  1419 | D:2      | Reached XP level 6. HP: 25/42 MP: 6/6
  1782 | D:3      | Found a bloodstained altar of Trog.
  1783 | D:3      | Noticed a wizard
  1788 | D:3      | Killed a wizard
  1835 | D:3      | Reached skill level 7 in Slings
  2390 | D:4      | Found a deep blue altar of Sif Muna.
  2484 | D:4      | Reached skill level 5 in Dodging
  2533 | D:4      | Noticed an ogre
  2537 | D:4      | Killed an ogre
  2537 | D:4      | Reached skill level 1 in Armour
  2537 | D:4      | Reached XP level 7. HP: 49/49 MP: 7/7
  2726 | D:4      | Reached skill level 5 in Fighting
  2726 | D:4      | Reached XP level 8. HP: 55/55 MP: 8/8
  2938 | D:5      | Entered Level 5 of the Dungeon
  3015 | D:4      | Reached skill level 8 in Slings
  3418 | D:5      | Reached skill level 5 in Armour
  3814 | D:5      | Reached XP level 9. HP: 59/62 MP: 9/9
  3819 | D:5      | Reached skill level 9 in Slings
  4619 | D:6      | Found a staircase to the Ecumenical Temple.
  4628 | Temple   | Entered the Ecumenical Temple
  4712 | Temple   | Became a worshipper of Dithmenos the Shadowed
  4771 | D:6      | Found Xisig's Food Boutique.
  4975 | D:6      | Reached skill level 1 in Evocations
  5139 | D:7      | Found Ixzucynk's Food Shop.
  5323 | D:7      | Reached skill level 10 in Slings
  5586 | D:7      | Found Veuqetes's Food Shop.
  5586 | D:7      | Found Ryupn's Book Shop.
  5586 | D:7      | Found Losakh's Book Shop.
  5642 | D:6      | Reached XP level 10. HP: 28/71 MP: 12/12
  5889 | D:7      | Reached * piety under Dithmenos
  6270 | D:7      | Noticed Pikel
  6291 | D:7      | Killed Pikel
  6626 | D:8      | Found Savyar's Magic Scroll Boutique.
  6632 | D:8      | Noticed a two-headed ogre
  6672 | D:8      | Killed a two-headed ogre
  6672 | D:8      | Reached skill level 5 in Evocations
  6724 | D:8      | Noticed Grum
  6733 | D:8      | Killed Grum
  6768 | D:8      | Reached skill level 11 in Slings
  7012 | D:8      | Reached ** piety under Dithmenos
  7016 | D:8      | Reached skill level 1 in Maces & Flails
  7514 | D:9      | Found a flagged portal.
  7524 | Bailey   | Entered a bailey
  7677 | Bailey   | Reached XP level 11. HP: 73/75 MP: 15/15
  7894 | Bailey   | Reached skill level 10 in Armour
  7944 | Bailey   | Got a brightly glowing troll leather armour
  7955 | Bailey   | Identified the +2 troll leather armour of the King of Wands
                  | {Regen+ Str+3 Stlth+} (You found it in a bailey)
  8259 | D:9      | Reached *** piety under Dithmenos
  8322 | D:9      | Found a staircase to the Lair.
  8682 | D:9      | Reached skill level 12 in Slings
  9266 | Lair:1   | Entered Level 1 of the Lair of Beasts
  9422 | Lair:1   | Reached skill level 5 in Maces & Flails
  9757 | Lair:1   | Found a dark tunnel.
  9787 | Lair:1   | Reached **** piety under Dithmenos
  9919 | Volcano  | Entered a volcano
  9935 | Volcano  | Noticed a salamander
  9942 | Volcano  | Killed a salamander
 10021 | Volcano  | Noticed a hell knight
 10023 | Volcano  | Noticed a salamander
 10034 | Volcano  | HP: 5/112 [hell knight/+0 halberd of flaming (23)]
 10034 | Volcano  | HP: 1/112 [hell knight/+0 halberd of flaming (4)]
 10040 | Volcano  | Slain by a hell knight

Levels and vault maps discovered:
D:1:      evilmike_arrival_come_back, layout_loops_corners
D:2:      layout_rooms, uniq_sigmund
D:3:      layout_rooms, first_ration, glass_columns_a, trog_wizard
D:4:      layout_gridville, lemuel_blue_sif_altar
D:5:      layout_gridville
D:6:      layout_loops_ring, minmay_temple_entry_junction, serial_shops,
          kennysheep_mini
D:7:      layout_rooms, minmay_shop_grid_forest, grunt_ogre_cave, uniq_pikel
D:8:      layout_basic, serial_shops, shop, uniq_grum
D:9:      minmay_goldmine, layout_basic, minmay_lair_entry_grove,
          enter_bailey_6, serial_glass, glass_columns_b, glass_columns_b
Temple:   grunt_wide_crystal_templ
Lair:1:   layout_big_grid, enter_volcano_1, serial_bayou_shore_a,
          lemuel_fruit_fields
Bailey:   bailey_polearm_gnolls_kennysheep, bailey
Volcano:  volcano_pools

Skill      XL: |  1  2  3  4  5  6  7  8  9 10 11 |
---------------+----------------------------------+-----
Fighting       | 2 3 4 5 6 7 |  7.0
Slings         | 6 7 8 10 11 12 | 12.0
Dodging        | 3 4 5 8 |  8.0
Armour         | 1 3 5 7 9 10 | 10.0
Evocations     | 3 6 |  6.0
Maces & Flails | 1 5 |  5.9
Stealth        | |  1.1

Action                   |  1- 3 |  4- 6 |  7- 9 | 10-12 || total
-------------------------+-------+-------+-------+-------++-------
Melee: Short sword       |    27 |       |       |       ||    27
       Mace              |    65 |   102 |    69 |    27 ||   263
       Whip              |       |       |       |   184 ||   184
 Fire: Hunting sling     |    13 |    44 |   358 |   542 ||   957
Evoke: Wand              |       |       |       |    14 ||    14
       Box of beasts     |       |       |       |     1 ||     1
  Use: Scroll            |     5 |     7 |     2 |     8 ||    22
       Potion            |       |     3 |     2 |     2 ||     7
 Stab: Sleeping          |     4 |     2 |       |     1 ||     7
  Eat: Chunk             |     1 |     4 |     8 |    10 ||    23
       Ration            |       |       |       |     2 ||     2
Armor: Leather armour    |    31 |    26 |       |       ||    57
       Ring mail         |       |     8 |       |       ||     8
       Scale mail        |       |       |     7 |       ||     7
       Chain mail        |       |       |    92 |   132 ||   224
       Troll leather arm |       |       |       |    21 ||    21
Dodge: Dodged            |    97 |   117 |   134 |   278 ||   626

Table legend:
 A = Non-vault XP
 B = Vault XP
 C = Vault XP percentage of total XP
 D = Non-vault monster count
 E = Vault monster count
 F = Vault count percentage of total count
                 A         B        C        D         E       F
            +---------+---------+-------+---------+---------+-------
      Total |    9563 |    5293 |  35.6 |     203 |      61 |  23.1
            +---------+---------+-------+---------+---------+-------
        D:1 |      41 |       0 |   0.0 |      21 |       0 |   0.0
        D:2 |      52 |     227 |  81.4 |      18 |       1 |   5.3
        D:3 |     131 |       0 |   0.0 |      36 |       0 |   0.0
        D:4 |     815 |       0 |   0.0 |      16 |       0 |   0.0
        D:5 |     973 |       0 |   0.0 |      17 |       0 |   0.0
        D:6 |     837 |       0 |   0.0 |      20 |       0 |   0.0
        D:7 |    1157 |     759 |  39.6 |      24 |       2 |   7.7
        D:8 |    1710 |     534 |  23.8 |      20 |       4 |  16.7
        D:9 |     957 |    2026 |  67.9 |      15 |      23 |  60.5
     Lair:1 |    2890 |       0 |   0.0 |      16 |       0 |   0.0
     Bailey |       0 |    1230 | 100.0 |       0 |      30 | 100.0
    Volcano |       0 |     517 | 100.0 |       0 |       1 | 100.0
            +---------+---------+-------+---------+---------+-------
